 Dungeon Crawl Stone Soup version 0.16-b1 (console) character file.

1533 mauris the Slicer (level 9, -2/53 HPs)
             Began as a Halfling Earth Elementalist on Mar 14, 2015.
             Slain by an ogre
             ... wielding a +0 giant club
              (27 damage)
             ... on level 8 of the Dungeon.
             The game lasted 00:20:52 (8680 turns).

mauris the Slicer (Halfling Earth Elementalist)     Turns: 8680, Time: 00:20:52

Health: -2/53      AC: 12    Str: 11    XL:     9   Next: 10%
Magic:  13/13      EV: 20    Int: 17    God:
Gold:   288        SH:  0    Dex: 15    Spells: 0 memorised, 11 levels left

rFire  . . .     SeeInvis .     a - +2 dagger (protect)
rCold  . . .     Clarity  .     c - +0 robe {2}
rNeg   . . .     SustAb   .     (no shield)
rPois  +         Gourm    .     e - +2 helmet {Int+3}
rElec  .         Spirit   .     g - +1 cloak
rCorr  +         Warding  .     (no gloves)
rMut   .         Stasis   .     (no boots)
MR     .....                    j - amulet of resist corrosion
Stlth  ++........               (no ring)
                                h - ring of poison resistance

@: not resistant to hostile enchantments, unstealthy
A: mutation resistance 1
a: no special abilities


You were on level 8 of the Dungeon.
You were not hungry.

You visited 2 branches of the dungeon, and saw 9 of its levels.
You also visited: Ossuary.

You collected 392 gold pieces.
You spent 104 gold pieces at shops.

Inventory:

Hand weapons
 a - a +2 dagger of protection (weapon)
 v - a +0 short sword
Missiles
 b - 79 stones (quivered)
Armour
 c - a +0 robe (worn) {2}
 e - a +2 helmet of intelligence (worn)
 g - a +1 cloak (worn)
Jewellery
 d - an uncursed ring of magical power {unknown}
 h - a ring of poison resistance (left hand)
 j - an amulet of resist corrosion (around neck)
 t - an uncursed amulet of stasis {!P}
Magical devices
 m - a wand of lightning (6) {12}
 s - a wand of slowing (31) {24}
Scrolls
 f - a scroll of recharging
 u - a scroll of fear
 y - 2 scrolls of noise {!r}
 C - a scroll of magic mapping
 F - 4 scrolls of identify {@r1}
Potions
 i - 2 potions of mutation {!q}
 k - 2 potions of invisibility
 l - 2 potions of might {unknown}
 o - a potion of lignification {unknown}
 r - a potion of experience {unknown}
 w - 2 potions of brilliance {unknown}
 z - 3 potions of curing {@q1}
 A - a potion of agility {unknown}
 B - a potion of heal wounds {@q2}
 D - 2 potions of magic {unknown}
 E - a potion of cure mutation {unknown}
 G - 3 potions of restore abilities {unknown}
Comestibles
 n - 6 bread rations
 p - 4 meat rations
 x - a slice of pizza
 H - a beef jerky


   Skills:
 - Level 1.5 Fighting
 + Level 9.5 Short Blades
 - Level 1.4 Armour
 + Level 8.3 Dodging
 - Level 2.1 Stealth
 - Level 1.5 Spellcasting
   Level 0.5 Transmutations
   Level 3.0 Earth Magic


You had 11 spell levels left.
You didn't know any spells.

Dungeon Overview and Level Annotations

Branches:
Dungeon (8/15)             Temple (1/1) D:7
   Lair: D:8-11

Altars:
Ashenzari
Cheibriados
Dithmenos
Elyvilon
Gozag
Makhleb
Nemelex Xobeh
Okawaru
Qazlal
Ru
Sif Muna
Vehumet
Xom
Yredelemnul
The Shining One

Shops:
D:5 !   D:8 (

Annotations:
D:2 Terence
D:5 fortress, exclusion: 2 doors


Innate Abilities, Weirdness & Mutations

You are small and have problems with some larger weapons.
You are somewhat resistant to further mutation.


Message History

You hit the ogre.
The ogre is severely wounded.
The ogre barely misses you.
You hit the ogre.
The ogre is severely wounded.
You hit the ogre.
The ogre is severely wounded.
You hit the ogre but do no damage.
The ogre is severely wounded.
The ogre hits you with a giant club!!
Huge Dmg: -34%(-18hp) hp: 46%(24hp)
You hit the ogre.
The ogre is severely wounded.
You hit the ogre.
The ogre is almost dead.
You hit the ogre.
The ogre is almost dead.
The ogre hits you with a giant club!!
Ouch! That really hurt!
You die...

.. #.\ .. ..
.# ####
.#.....
####.%....#
#.@OY..#
#.###### #.#
##.#######..
#...........
#..#######.#
#..####
##.....#
#......#


You could see an ice beast and an ogre.

Vanquished Creatures
  An ice beast (D:7)
  2 ogres
  A sky beast (D:5)
  2 centaurs
  3 water moccasin zombies
  A scorpion (D:3)
  A giant frog zombie (D:7)
  2 hounds
  An orc wizard (D:4)
  A centaur skeleton (D:7)
  3 giant frog skeletons
  5 worker ants
  Ijyb (D:4)
  Jessica (D:2)
  A big kobold zombie (Ossuary)
  A hound zombie (D:5)
  3 mummies
  Robin (D:2)
  8 adders
  11 gnolls
  A worm (D:1)
  3 shadow imps
  8 adder zombies (Ossuary)
  2 giant geckos
  2 oozes
  6 orcs
  3 giant cockroaches
  24 goblins
  14 hobgoblins
  5 jackals
  4 quokkas (D:2)
  2 ball pythons
  5 bats
  A giant gecko skeleton (D:5)
  5 giant newts
  2 giant spores (D:7)
  A gnoll zombie (Ossuary)
  4 hobgoblin zombies (Ossuary)
  A jackal skeleton (D:6)
  A jackal zombie (D:5)
  12 kobolds
  6 kobold zombies (Ossuary)
  3 orc zombies (Ossuary)
  A quokka skeleton (D:5)
  12 rats
  2 ballistomycetes (D:7)
180 creatures vanquished.

Vanquished Creatures (others)
  A centaur (D:7)
  A hobgoblin zombie (Ossuary)
  A kobold zombie (Ossuary)
3 creatures vanquished.

Grand Total: 183 creatures vanquished

Notes
Turn   | Place    | Note
--------------------------------------------------------------
     0 | D:1      | mauris, the Halfling Earth Elementalist, began the quest for the Orb.
     0 | D:1      | Reached XP level 1. HP: 11/11 MP: 2/2
    33 | D:1      | Reached XP level 2. HP: 16/18 MP: 0/3
   142 | D:1      | Huge Dmg: 4 dmg
   249 | D:1      | Reached skill level 1 in Fighting
   346 | D:1      | Reached skill level 1 in Armour
   605 | D:1      | Reached XP level 3. HP: 23/23 MP: 3/5
  1269 | D:2      | Noticed Jessica
  1276 | D:2      | Killed Jessica
  1276 | D:2      | Reached skill level 1 in Short Blades
  1276 | D:2      | Reached XP level 4. HP: 28/28 MP: 0/6
  1531 | D:2      | Noticed Robin
  1552 | D:2      | Huge Dmg: 9 dmg
  1554 | D:2      | Huge Dmg: 4 dmg
  1737 | D:2      | Reached XP level 5. HP: 28/33 MP: 4/7
  1805 | D:2      | Found a shadowy altar of Dithmenos.
  1896 | D:2      | Killed Robin
  2233 | D:2      | Noticed Terence
  2713 | D:3      | Reached skill level 4 in Dodging
  2892 | D:3      | Reached XP level 6. HP: 38/38 MP: 9/9
  2933 | D:3      | Huge Dmg: 8 dmg
  3612 | D:4      | Huge Dmg: 7 dmg
  3744 | D:4      | Reached skill level 5 in Short Blades
  3773 | D:5      | Entered Level 5 of the Dungeon
  3818 | D:5      | Huge Dmg: 10 dmg
  3818 | D:5      | Reached skill level 5 in Dodging
  3940 | D:5      | Found a sand-covered staircase.
  3956 | D:5      | Reached XP level 7. HP: 38/43 MP: 10/10
  3960 | Ossuary  | Entered an ossuary
  3985 | Ossuary  | Huge Dmg: 9 dmg
  4160 | Ossuary  | Huge Dmg: 10 dmg
  4331 | Ossuary  | Huge Dmg: 11 dmg
  4354 | Ossuary  | Huge Dmg: 7 dmg
  4355 | Ossuary  | Reached skill level 6 in Short Blades
  4744 | D:5      | Found Hoociunt's Distillery.
  4773 | D:5      | Bought a potion of heal wounds for 65 gold pieces
  4773 | D:5      | Bought a potion of curing for 39 gold pieces
  4897 | D:5      | Noticed a sky beast
  5005 | D:5      | Found a radiant altar of Vehumet.
  5008 | D:5      | Found a snail-covered altar of Cheibriados.
  5011 | D:5      | Found a sacrificial altar of Ru.
  5030 | D:5      | Killed a sky beast
  5030 | D:5      | Reached XP level 8. HP: 48/48 MP: 11/11
  5046 | D:5      | Reached skill level 7 in Short Blades
  5052 | D:5      | Found an opulent altar of Gozag.
  5092 | D:5      | Found an iron altar of Okawaru.
  5241 | D:4      | Found a basalt altar of Yredelemnul.
  5351 | D:4      | Huge Dmg: 13 dmg
  5584 | D:4      | Noticed Ijyb
  5631 | D:4      | Killed Ijyb
  5657 | D:4      | oops
  6185 | D:2      | Huge Dmg: 9 dmg
  6190 | D:2      | Huge Dmg: 7 dmg
  6205 | D:2      | Huge Dmg: 6 dmg
  6602 | D:2      | Reached skill level 8 in Short Blades
  7184 | D:6      | Huge Dmg: 17 dmg
  7249 | D:6      | Found a shimmering altar of Xom.
  7255 | D:6      | Huge Dmg: 16 dmg
  7269 | D:6      | Huge Dmg: 11 dmg
  7712 | D:7      | Found a staircase to the Ecumenical Temple.
  7737 | Temple   | Entered the Ecumenical Temple
  8114 | D:7      | Reached skill level 9 in Short Blades
  8135 | D:7      | Huge Dmg: 12 dmg
  8422 | D:7      | Reached XP level 9. HP: 50/53 MP: 13/13
  8488 | D:7      | Huge Dmg: 20 dmg
  8660 | D:8      | Found Cuqulasch's Weapon Boutique.
  8670 | D:8      | Huge Dmg: 11 dmg
  8678 | D:8      | Huge Dmg: 18 dmg
  8680 | D:8      | Slain by an ogre

Action                   |  1- 3 |  4- 6 |  7- 9 || total
-------------------------+-------+-------+-------++-------
Melee: Unarmed           |    29 |       |       ||    29
       Hand axe          |     6 |       |       ||     6
       Dagger            |     4 |   106 |   694 ||   804
       Short sword       |       |    74 |     1 ||    75
Throw: Stone             |    14 |     1 |     1 ||    16
 Cast: Sandblast         |    45 |    75 |    14 ||   134
  Use: Scroll            |       |     3 |     9 ||    12
 Stab: Sleeping          |     1 |     3 |    10 ||    14
       Fleeing           |       |     1 |       ||     1
  Eat: Chunk             |     2 |    11 |    14 ||    27
       Beef jerky        |       |       |     1 ||     1

Vault maps used:
D:1:      evilmike_arrival_run_for_it
D:2:      grunt_dithmenos_smoke_and_mirrors, minmay_surrounded, uniq_jessica,
          uniq_terence, uniq_robin
D:3:      first_bread, grunt_decor_fettered
D:4:      old_standard_altar, uniq_iyjb
D:5:      minmay_goblin_kobold_castle, grunt_temple_overflow_cloverleaf,
          gup_ossuary_entry_pyramid, serial_shops, nicolae_shop_statue_plus,
          basic_altar
D:6:      lemuel_crystal_altar, zin_angel
D:7:      temple_fountains
D:8:      grunt_temple_overflow_diamond, serial_shops, nicolae_shop_stone,
          basic_altar
Temple:   minmay_temple_bridge_a_8
Ossuary:  ossuary_tomb_2
